[Event "CCT Final-RR 2024"]
[Site "Oslo"]
[Date "2024.12.17"]
[Round "2"]
[White "Aronian, Levon"]
[Black "Vachier-Lagrave, Maxime"]
[Result "0-1"]
[ECO "B52"]
[WhiteElo "2747"]
[BlackElo "2731"]
[Annotator "TA"]
[PlyCount "116"]
[EventDate "2024.12.11"]
[EventType "tourn"]
[EventCountry "NOR"]
[SourceTitle "playchess.com"]
[Source "ChessBase"]
[SourceQuality "1"]
[TimeControl "600+2"]

1. e4 c5 2. Nf3 d6 3. Bb5+ Bd7 4. Bxd7+ Qxd7 5. O-O Nc6 6. c3 d5 7. e5 e6 8. d4 Nge7 9. dxc5 Ng6 10. Re1 Bxc5 11. Nbd2 O-O 12. Nb3 Bb6 13. Be3 Qc7 14. Bxb6 Qxb6 15. Qd2 f6 16. exf6 Rxf6 17. Nbd4 Re8 18. Re3 e5 19. Ne2 Rd8 20. h3 e4 21. Nh2 Nce5 22. b3 Nd3 23. Rf1 Rdf8 24. Ng4 R6f7 25. Rxd3 exd3 26. Qxd3 Rd8 27. Rd1 Nf4 ({Black should try} 27... Ne5 $15 28. Qe3 (28. Nxe5 $2 Qxf2+ 29. Kh2 Re7 $19) 28... Nxg4 29. Qxb6 axb6) 28. Nxf4 $11 Rxf4 29. Ne3 Kh8 30. Rd2 Qe6 31. Nc2 Re4 32. c4 (32. a4 $11 {was preferable.}) 32... d4 $17 33. Ne3 ({White should try} 33. Kh1) 33... Qe5 34. Nf1 (34. g3 $17) 34... Re1 $19 35. g3 h6 36. Kg2 Qe4+ 37. Qxe4 Rxe4 38. Ne3 Rde8 39. Nf5 Re2 40. Rxd4 Rxa2 (40... Rf8 $1 $17 41. g4 Rxa2 (41... g6 $2 42. Nxh6 Rfxf2+ 43. Kg3 $19)) 41. Rd7 Ree2 42. g4 Rxf2+ 43. Kg3 Rfb2 44. Nxg7 $2 (44. Rxb7 $17 {nothing else works.} Ra3 45. Nd4) 44... Rxb3+ $19 45. Kh4 Rh2 46. Kh5 Rhxh3+ 47. Kg6 {[%emt 0:00:00] [#]} Rb6+ $1 (47... Rhd3 48. Re7 Rd8 49. Kxh6 $17) 48. Kf7 Rf3+ 49. Nf5 h5 50. Rd1 Rf4 (50... hxg4 $142 51. Rh1+ Rh3) 51. Rh1 Rh6 $1 (51... Rxg4 52. Rxh5+) 52. Ke7 Rh7+ 53. Kf6 hxg4 54. Rd1 Rc7 ({Not} 54... Rxc4 55. Rd8#) (54... Rg7 $142 55. Ke5 Rxc4 56. Nxg7 Kxg7 57. Rg1 Kg6 58. Kd6 a5 59. Rg3 Rc6+ 60. Kd5 Kg5 61. Rb3 Ra6 62. Rxb7 g3 63. Rb2 Rg6 64. Ke4 Kh4 (64... Kg4 $2 65. Ke5 $19) 65. Kf4 g2 (65... Rf6+ $2 66. Ke3 $19) 66. Rb8 Rg4+ (66... g1=B 67. Rh8+) 67. Kf3 g1=Q (67... g1=B 68. Rh8+ Kg5 69. Rg8+ Kf6 70. Rxg4 $11) 68. Rh8+ Kg5 69. Rg8+ Kf5 70. Rf8+ Ke6 71. Re8+ Kf7 72. Rh8 Qg2+ 73. Ke3 Re4+ (73... Qe4+ {is a self mate.} 74. Kd2 Rg2+ 75. Kc3 Rc2+ 76. Kb3 Qc4+ 77. Ka3 Qb4#) 74. Kd3 Qf3+ 75. Kd2 Re2+ 76. Kd1 Qf1#) 55. Kg5 (55. Kg6 $142 Rc6+ (55... Rcxc4 56. Rd8#) 56. Kg5 Rcxc4 57. Rd8+ Kh7 58. Rd7+ Kg8 59. Rxb7) 55... Rxf5+ $19 56. Kxf5 g3 (56... Rxc4 57. Kg6 Rc6+ 58. Kf5 $19) 57. Rd8+ Kh7 58. Rd1 g2 (58... Rxc4 $2 59. Rd3 $19) 0-1

[Event "CCT Final-RR 2024"]
[Site "Oslo"]
[Date "2024.12.17"]
[Round "2"]
[White "So, Wesley"]
[Black "Firouzja, Alireza"]
[Result "1-0"]
[ECO "A55"]
[WhiteElo "2747"]
[BlackElo "2763"]
[Annotator "TA"]
[PlyCount "67"]
[EventDate "2024.12.11"]
[EventType "tourn"]
[EventCountry "NOR"]
[SourceTitle "playchess.com"]
[Source "ChessBase"]
[SourceQuality "1"]
[TimeControl "600+2"]

1. d4 c6 2. c4 d6 3. Nf3 Nf6 4. Nc3 Qc7 5. e4 e5 6. Be2 Be7 7. O-O Nbd7 8. Qc2 Nf8 9. Rd1 Ng6 10. b4 O-O 11. h3 a5 12. b5 Nd7 13. Rb1 exd4 14. Nxd4 Nc5 15. Be3 Bf6 16. Nf5 Be5 17. g3 {[%emt 0:00:31] White is more active.} (17. Bf3 $16) 17... Re8 (17... Nxe4 $1 $11 18. Qxe4 Bxf5 19. Qxf5 Bxc3) 18. Bf3 $16 f6 $2 ({Don't blunder} 18... Bxc3 $2 19. b6 (19. Qxc3 Bxf5 20. exf5 Ne5 $16) 19... Qb8 20. Nxd6 $18 (20. Qxc3 Ne5 $16)) (18... Bxf5 $16 19. exf5 Nf8 20. bxc6 bxc6) 19. Ne2 $18 Be6 20. bxc6 Qxc6 21. Bg2 Na4 22. Rdc1 Rec8 23. f4 Bb2 $2 (23... Bxc4 {might work better.} 24. h4 (24. fxe5 dxe5 25. h4 b5 $18) 24... Qd7 25. fxe5 Nxe5) 24. Rxb2 Nxb2 25. Qxb2 Qd7 26. Rd1 Qa4 27. Rxd6 Qxc4 28. Ned4 Qxa2 29. Qxb7 Bf7 30. Nc6 Re8 {[%emt 0:00:05] [#]} 31. e5 $1 {[%emt 0:00:24][%cal Og2d5] Strongly threatening Bd5!.} Qb3 32. Qxb3 Bxb3 33. Ncd4 Ba2 34. Bxa8 1-0

[Event "CCT Final-RR 2024"]
[Site "Oslo"]
[Date "2024.12.17"]
[Round "2"]
[White "Keymer, Vincent"]
[Black "Lazavik, Denis"]
[Result "1/2-1/2"]
[ECO "A07"]
[WhiteElo "2733"]
[BlackElo "2578"]
[Annotator "TA"]
[PlyCount "88"]
[EventDate "2024.12.11"]
[EventType "tourn"]
[EventCountry "NOR"]
[SourceTitle "playchess.com"]
[Source "ChessBase"]
[SourceQuality "1"]
[TimeControl "600+2"]

1. Nf3 d5 2. g3 Nf6 3. Bg2 e6 4. O-O Be7 5. d3 O-O 6. Nbd2 Nc6 7. d4 a5 8. c3 b6 9. Qc2 Bb7 10. e4 dxe4 11. Nxe4 Nxe4 12. Qxe4 a4 13. Re1 Na5 14. Qe2 h6 15. Bf4 Bd6 16. Be3 Bd5 17. Nd2 Be7 18. Qg4 Kh7 19. Qh5 Bxg2 20. Kxg2 c6 21. Kg1 Qd5 22. Qd1 b5 23. Bf4 Qd7 24. Qg4 (24. Rb1 {simplifies} g5 25. Be3 f5 26. Nf3) 24... Bd6 (24... g5 $5 25. Be3 f5 $11) 25. Bxd6 Qxd6 26. Re5 Rad8 27. Rae1 Qc7 28. Qh4 Rd5 29. g4 Kg8 30. Qg3 Nc4 31. Nxc4 bxc4 32. h4 Rb8 33. R1e2 Rbb5 34. g5 hxg5 (34... Rxe5 {keeps more tension.} 35. Rxe5 hxg5 36. hxg5 Rxb2 37. g6 fxg6 38. Qxg6 Qf7) 35. hxg5 Rxe5 36. dxe5 $11 {[%emt 0:00:09][%mdl 4096] Endgame KQR-KQR} (36. Rxe5 $11 Rxb2 37. g6) 36... Qd8 $17 37. Kg2 $1 Qd3 (37... Qd5+ $15 38. Qf3 Kh7 39. Qxd5 cxd5) 38. Qg4 ({White should play} 38. Qf3 $11) 38... g6 ({Black should try} 38... Qd5+ $1 $15 39. Qe4 a3 (39... Qxe4+ 40. Rxe4 Rxb2 41. g6 $15) 40. bxa3 Ra5) 39. a3 $11 Kf8 40. Qe4 Qd5 41. Kg3 Qd3+ 42. Kg2 Qd5 43. Kg3 Qd3+ 44. Kg2 Qd5 1/2-1/2

[Event "CCT Final-RR 2024"]
[Site "Oslo"]
[Date "2024.12.17"]
[Round "2"]
[White "Vachier-Lagrave, Maxime"]
[Black "Aronian, Levon"]
[Result "1-0"]
[ECO "B90"]
[WhiteElo "2731"]
[BlackElo "2747"]
[Annotator "TA"]
[PlyCount "101"]
[EventDate "2024.12.11"]
[EventType "tourn"]
[EventCountry "NOR"]
[SourceTitle "playchess.com"]
[Source "ChessBase"]
[SourceQuality "1"]
[TimeControl "600+2"]

1. e4 c5 2. Nf3 d6 3. d4 cxd4 4. Nxd4 Nf6 5. Nc3 a6 6. h3 g6 7. g4 h6 8. Bg2 Bg7 9. O-O O-O 10. Be3 Nc6 11. Qd2 h5 12. g5 Nd7 13. f4 Nxd4 14. Bxd4 Bxd4+ 15. Qxd4 b5 16. e5 dxe5 17. fxe5 Rb8 18. Rad1 Qc7 (18... Qb6 $11) 19. Nd5 $16 Qxe5 20. Qxe5 (20. Qf2 $16) 20... Nxe5 $11 21. Nxe7+ Kg7 22. Rfe1 Nc4 $1 23. b3 Na3 24. c3 Be6 25. Nc6 Rb6 (25... Rbc8 $11) 26. Nd4 $16 Rc8 27. Nxe6+ Rxe6 28. Rxe6 fxe6 29. Rd7+ Kf8 30. Rd6 Ke7 31. Rxa6 Nb1 {[%emt 0:00:01] [#]} 32. Be4 (32. Rc6 $1 $16 Rxc6 33. Bxc6) 32... Nxc3 $11 33. Bxg6 Ne2+ $1 34. Kh2 (34. Kf2 $5 Nf4 $8 35. Ra7+ Kd6 36. Bf7 $11 (36. Ra6+ Ke5 $11)) 34... h4 $2 (34... Nf4 $1 $11 35. Bb1 (35. Ra7+ Kd6 $17) 35... Rc3) 35. Be4 $2 (35. Ra7+ $18 Kd6 36. Bh7) 35... Ng3 (35... Nf4 $1 $11 {remains equal.}) 36. Bd3 ({White should play} 36. Ra7+ Kd6 37. Bd3) 36... Rc3 (36... Rc5 $142) 37. Bxb5 Rc2+ (37... Ne4 $16) 38. Kg1 $18 Rc5 (38... Ne4 $142) 39. Bc4 $18 Rxg5 40. Rxe6+ ({Don't do} 40. Bxe6 Ne4+ 41. Bg4 Nf6 $16) 40... Kd7 41. Kf2 Nh1+ 42. Kf1 Ng3+ 43. Ke1 Rf5 44. Rh6 Rf4 45. a4 Ne4 46. a5 Nd6 47. Be2 Rb4 (47... Kc7 $142 48. a6 Nc8) 48. a6 $18 Rxb3 49. a7 Ra3 50. Rh8 ({Less strong is} 50. Rxh4 Kc7 $16) 50... Ra1+ 51. Kf2 1-0

[Event "CCT Final-RR 2024"]
[Site "Oslo"]
[Date "2024.12.17"]
[Round "2"]
[White "Lazavik, Denis"]
[Black "Keymer, Vincent"]
[Result "1-0"]
[ECO "D35"]
[WhiteElo "2578"]
[BlackElo "2733"]
[Annotator "TA"]
[PlyCount "213"]
[EventDate "2024.12.11"]
[EventType "tourn"]
[EventCountry "NOR"]
[SourceTitle "playchess.com"]
[Source "ChessBase"]
[SourceQuality "1"]
[TimeControl "600+2"]

1. c4 e6 2. Nc3 d5 3. d4 Nf6 4. cxd5 exd5 5. Bg5 Be7 6. e3 h6 7. Bh4 O-O 8. Bd3 c6 9. Nge2 Nbd7 10. O-O Re8 11. a4 Nh5 12. Bxe7 Qxe7 13. a5 g6 14. Qd2 Ndf6 15. Rfe1 Ng7 16. Ng3 h5 17. e4 h4 18. exd5 Qd8 19. Nge4 Nxd5 20. h3 Bf5 21. Qh6 Bxe4 22. Bxe4 Nxc3 23. bxc3 Qf6 24. Bf3 Rad8 25. Rab1 Rxe1+ 26. Rxe1 Re8 27. Rb1 Re7 28. Qd2 Nf5 29. Qf4 Qd6 30. Qg5 Kg7 31. Bg4 Qf6 32. Qd2 Nd6 33. Qa2 Ne4 34. Qc2 Nd6 35. Qd3 Qf4 36. Bf3 a6 37. c4 Nf5 38. Rd1 Qd6 39. d5 c5 40. Be2 Nd4 41. Bf1 Qf6 42. Rb1 Qf4 43. Qa3 Ne2+ 44. Bxe2 Rxe2 45. Qxc5 Rc2 46. Qe3 Rxc4 47. Qxf4 Rxf4 48. d6 Rd4 49. Rxb7 Rxd6 50. Rb6 Rd1+ 51. Kh2 Rd2 52. f3 Ra2 53. Rxa6 Ra1 54. Ra7 g5 55. Ra8 Kh7 56. Ra6 Kg7 57. Ra8 Kh7 58. a6 Kg7 59. a7 Kh7 60. g4 hxg3+ 61. Kxg3 Ra4 62. Kf2 Kg7 63. Ke3 Ra1 64. Kd4 Ra5 65. Kc4 Ra1 66. Kc5 Ra2 67. Kb6 Rb2+ 68. Kc6 Rc2+ 69. Kd6 Ra2 70. Ke5 Ra5+ 71. Ke4 Ra4+ 72. Kf5 Ra5+ 73. Kg4 Kh7 {[%emt 0:00:02] [#]} (73... Kf6 $16) 74. Re8 $2 (74. f4 $1 $18 ) 74... Rxa7 $14 75. Kxg5 Kg7 76. h4 Ra1 77. Re4 Ra5+ 78. Kf4 Ra1 79. Re5 Ra4+ 80. Kg3 f6 81. Rb5 Ra1 82. Kg4 Ra4+ 83. f4 Kg6 84. h5+ Kh6 85. Rb6 Kg7 86. Rb7+ Kh6 87. Rf7 Ra6 88. Kf5 Ra4 ({Not} 88... Kxh5 89. Rh7#) 89. Rxf6+ Kxh5 90. Re6 Rb4 91. Re8 Kh6 92. Re7 Ra4 93. Ke5 Ra5+ 94. Kf6 Ra6+ 95. Re6 Ra5 96. f5 Kh7 97. Re7+ Kh6 98. Re8 Kh7 99. Re7+ Kh6 100. Ke6 Ra6+ 101. Kf7 Ra5 102. f6 Kg5 $2 (102... Ra2 $11) 103. Kg7 Ra6 104. f7 Rg6+ {[%emt 0:00:02] [#]} 105. Kf8 $1 Ra6 106. Rd7 Kf6 107. Kg8 1-0

[Event "CCT Final-RR 2024"]
[Site "Oslo"]
[Date "2024.12.17"]
[Round "3"]
[White "Carlsen, Magnus"]
[Black "So, Wesley"]
[Result "0-1"]
[ECO "A20"]
[WhiteElo "2831"]
[BlackElo "2747"]
[Annotator "TA"]
[PlyCount "76"]
[EventDate "2024.12.11"]
[EventType "tourn"]
[EventCountry "NOR"]
[SourceTitle "playchess.com"]
[Source "ChessBase"]
[SourceQuality "1"]
[TimeControl "600+2"]

1. c4 e5 2. g3 Nf6 3. Bg2 c6 4. d4 Bb4+ 5. Bd2 Bxd2+ 6. Qxd2 d6 7. Nc3 O-O 8. Rd1 Nbd7 9. Nf3 e4 10. Ng5 d5 11. cxd5 cxd5 12. O-O h6 13. Nh3 Re8 14. f3 exf3 15. exf3 Nf8 16. Nf4 Qd6 17. Rfe1 Bd7 18. Nd3 (18. Re5 Rxe5 19. dxe5 Qxe5 20. Nfxd5 Nxd5 21. Nxd5 Re8 22. f4) 18... Ng6 19. Bf1 (19. Nc5 Bc6 20. Qf2 Rxe1+ 21. Rxe1 Re8 22. Nd3) 19... h5 (19... Rxe1 20. Rxe1 Re8 21. Nc5 Rxe1 22. Qxe1 Bc6) 20. Kf2 h4 21. Nc5 (21. Rxe8+ Rxe8 22. Re1 Rxe1 23. Qxe1 Ne8 24. Nc5) 21... Bc6 22. Bh3 (22. Kg2 Rxe1 23. Rxe1 Re8 24. Rxe8+ Nxe8 25. Qe3) 22... b6 23. Nd3 (23. Rxe8+ Nxe8 24. Nd3 Nc7 25. Bf5) 23... Bd7 {[%emt 0:00:13] Against Bf5} 24. Bxd7 Qxd7 25. g4 Qd6 {[%emt 0:00:06] Prevents Ne5.} 26. Kg2 (26. Kg1 Rad8 27. Rxe8+ Nxe8 28. Qf2) 26... Nh7 27. f4 Nf6 28. f5 Nf8 29. Qf4 (29. Qg5 $14 {should be considered.}) 29... Qxf4 $11 30. Nxf4 Nxg4 31. Ncxd5 {[%emt 0:00:34] Black must now prevent Ne7+.} Nh7 32. h3 Nh6 33. f6 g5 34. Ne7+ (34. Nd3 {simplifies} Rxe1 35. Rxe1 Rd8 36. Re5) 34... Kf8 35. Nfd5 Nxf6 $1 36. Nc7 Rxe7 37. Nxa8 Nd5 {[%emt 0:00:15] Hoping for ...Ne3+.} 38. Re5 $2 (38. Rxe7 $11 Kxe7 39. Rc1) 38... Rxe5 0-1

[Event "CCT Final-RR 2024"]
[Site "Oslo"]
[Date "2024.12.17"]
[Round "3"]
[White "Firouzja, Alireza"]
[Black "Lazavik, Denis"]
[Result "1/2-1/2"]
[ECO "C55"]
[WhiteElo "2763"]
[BlackElo "2578"]
[Annotator "TA"]
[PlyCount "178"]
[EventDate "2024.12.11"]
[EventType "tourn"]
[EventCountry "NOR"]
[SourceTitle "playchess.com"]
[Source "ChessBase"]
[SourceQuality "1"]
[TimeControl "600+2"]

1. e4 e5 2. Nf3 Nc6 3. Bc4 Nf6 4. d3 Be7 5. Nc3 O-O 6. a4 {[%emt 0:00:04] C55: Two Knights: 4 d3, 4 d4 exd4 5 e5 and Max Lange Attack.} d6 7. Bd2 Bg4 $146 ({Predecessor:} 7... Be6 8. Nd5 Bxd5 9. exd5 Nb8 10. O-O Nbd7 11. a5 c6 12. dxc6 bxc6 13. b4 d5 {½-½ Holinka,H (2263)-Cherniack,A (2173) Copenhagen Killer Chess op 2023 (8)}) 8. h3 Bxf3 9. Qxf3 Nd4 10. Qd1 c6 11. Ba2 a6 12. O-O b5 13. Be3 Ne6 14. Qf3 Qd7 15. h4 h5 16. Ne2 Ng4 17. Bd2 g6 18. Qh3 d5 19. exd5 cxd5 20. Nc3 d4 21. Nd5 Rab8 22. axb5 Rxb5 23. Nxe7+ Qxe7 24. b4 Nf4 25. Bxf4 exf4 26. Bc4 Rxb4 27. Rxa6 Kg7 28. Qf3 Qe5 29. Bb3 Nh6 30. Qc6 Qe7 31. Rfa1 Re8 32. Rf1 Rf8 33. Qd6 Qxd6 34. Rxd6 Nf5 35. Rd7 Nxh4 36. Ra1 Nf5 37. Raa7 Nh6 38. Kf1 g5 39. Ke2 g4 40. Bc4 Rb2 41. Kd2 Rb1 42. Rxd4 Rg1 43. Bd5 h4 44. Rxf4 Kg6 45. Ra6+ f6 46. Ra5 f5 47. Rb4 Kg5 48. Rb6 Rf6 49. Rb7 Rf1 50. Ke2 Rc1 51. Rc7 Rd6 52. Kd2 Rf1 53. Ke2 Rc1 54. d4 h3 55. gxh3 gxh3 56. Rg7+ Rg6 57. Rxg6+ Kxg6 58. Ra6+ Kg5 59. f4+ Kh5 $1 60. c4 h2 61. c5 h1=Q 62. Bxh1 Rxh1 63. Rf6 Rc1 64. Kd2 Rc4 $1 65. Kd3 Rc1 66. c6 Ng8 67. Rxf5+ Kg6 68. Rg5+ Kf7 69. d5 Ne7 70. Kd4 Nxc6+ 71. dxc6 Rxc6 72. Ke4 Rc4+ 73. Kf3 Ra4 74. Re5 Ra3+ 75. Kg4 Ra6 76. Rb5 Rc6 77. Rb7+ Kf6 78. Rh7 Kg6 79. Rh5 Ra6 80. f5+ Kg7 81. Kg5 Rb6 82. Rh1 Rb2 83. Rg1 Kf7 84. Rg4 Rc2 85. Ra4 Rg2+ 86. Kf4 Rf2+ 87. Ke4 Re2+ 88. Kd5 Rd2+ 89. Ke5 Re2+ 1/2-1/2

[Event "CCT Final-RR 2024"]
[Site "Oslo"]
[Date "2024.12.17"]
[Round "3"]
[White "Nepomniachtchi, Ian"]
[Black "Vachier-Lagrave, Maxime"]
[Result "1-0"]
[ECO "B31"]
[WhiteElo "2755"]
[BlackElo "2731"]
[Annotator "TA"]
[PlyCount "117"]
[EventDate "2024.12.11"]
[EventType "tourn"]
[EventCountry "NOR"]
[SourceTitle "playchess.com"]
[Source "ChessBase"]
[SourceQuality "1"]
[TimeControl "600+2"]

1. e4 c5 2. Nf3 Nc6 3. Bb5 g6 4. O-O Bg7 5. Re1 e5 6. Bxc6 dxc6 7. d3 Qe7 8. a4 Nf6 9. a5 O-O 10. Be3 Bg4 11. Nbd2 Nd7 12. h3 Be6 13. Ng5 b6 14. Nxe6 Qxe6 15. Ra3 Rfd8 16. axb6 axb6 17. Qa1 Qe8 18. Ra7 Bf8 19. Qa2 Rxa7 20. Qxa7 Ra8 21. Qb7 Qc8 22. Qxc8 Rxc8 23. Ra1 Bd6 24. Nc4 Bc7 25. Ra7 Kf8 26. g3 Ke7 27. Kg2 f6 28. f4 Ke6 29. Kf3 b5 30. Nd2 Bb6 31. Ra6 (31. f5+ $1 $16 Kd6 32. Ra2) 31... Rb8 $14 32. Nb3 f5 (32... Ke7 $14) 33. exf5+ (33. Nxc5+ $142 $1 Nxc5 34. Bxc5 Bxc5 35. Rxc6+ Bd6 36. fxe5 Kxe5 (36... fxe4+ $2 37. Kxe4 Rd8 38. d4 $18) 37. d4+ Kxd4 (37... Ke6 $2 38. e5 $18) 38. Rxd6+ Kc5 39. e5) 33... gxf5 $16 34. fxe5 Nxe5+ 35. Ke2 Nd7 36. Nd2 Rg8 37. Bf2 Kd6 38. Nf3 Kc7 39. Nh4 Re8+ 40. Kf3 (40. Kf1 $14) 40... Ne5+ $11 41. Kg2 Ng6 (41... Nf7 $11 42. Nxf5 Re2) 42. Nxf5 $14 Re2 43. Ne3 Kb7 $2 {[%emt 0:00:02][%mdl 8192] [#]} (43... c4 44. Rxb6 (44. Kf3 cxd3 45. cxd3 Rd2 $11) 44... Kxb6 45. Kf3 Rxf2+ (45... cxd3 46. cxd3 Rxf2+ 47. Kxf2 $18) 46. Kxf2 $18) (43... Rd2 $11) 44. Rxb6+ $1 $18 Kxb6 {[%emt 0:00:06] [#]} 45. Kf1 $1 Rxf2+ 46. Kxf2 Kc7 47. Kf3 Kd6 48. Ke4 Ke6 49. g4 Kf6 50. Nf5 Kg5 51. Kf3 h5 $2 (51... Kf6 52. d4 cxd4 53. Nxd4 Kg5 54. Nxc6 Kh4) 52. gxh5 Kxh5 53. Kg3 Kg5 54. Nd6 Kh5 55. Nf7 c4 $2 (55... b4 56. Nd8 Kg5 57. Nxc6 (57. Ne6+ Kf5 $18) 57... Nf4) 56. dxc4 $18 bxc4 57. c3 c5 58. Kf3 Kh4 59. Ke4 1-0

[Event "CCT Final-RR 2024"]
[Site "Oslo"]
[Date "2024.12.17"]
[Round "3"]
[White "Nepomniachtchi, Ian"]
[Black "Vachier-Lagrave, Maxime"]
[Result "1/2-1/2"]
[ECO "B30"]
[WhiteElo "2755"]
[BlackElo "2731"]
[Annotator "TA"]
[PlyCount "105"]
[EventDate "2024.12.11"]
[EventType "tourn"]
[EventCountry "NOR"]
[SourceTitle "playchess.com"]
[Source "ChessBase"]
[SourceQuality "1"]
[TimeControl "600+2"]

1. e4 c5 2. Nf3 Nc6 3. Bb5 e6 4. O-O Nge7 5. d4 cxd4 6. Nxd4 Ng6 7. Be3 Be7 8. c3 O-O {[%emt 0:00:03] White has an edge.} 9. Be2 Nxd4 10. cxd4 d5 11. e5 f6 12. f4 fxe5 13. fxe5 Rxf1+ 14. Bxf1 Bg5 15. Qd2 Bxe3+ {[%emt 0:00:06] The position is equal.} 16. Qxe3 Bd7 17. Nd2 Qb6 18. Nb3 Rf8 19. Bd3 Nf4 20. Rf1 Nxd3 21. Rxf8+ Kxf8 22. Qxd3 $11 {[%emt 0:00:01][%mdl 4096] Endgame. KQB-KQN} Qb4 23. h3 (23. Qxh7 $2 Qe1#) 23... Kg8 24. Kh2 b6 25. a3 Qf8 26. Qe3 h6 27. Nd2 Qf5 28. Qc3 Bb5 29. Kg1 Bd3 30. a4 (30. g4 $5 Qg6 $8 31. Kf2 $15) 30... Kh7 31. b4 (31. g4 $5 Qg6 $8 32. Kf2 $17) 31... a6 32. a5 (32. g4 $5 Qg6 $8 33. Kg2 $15) 32... bxa5 33. bxa5 Bb5 34. Qe3 Qc2 35. Nb3 Bd3 36. Nc5 Bf5 ({Inferior is} 36... Be4 37. Qf2 Qc1+ 38. Kh2 $16) 37. Nxa6 {[%emt 0:00:22] [#] And now Nc5 would win.} Qa2 ({Don't blunder} 37... Be4 $2 38. Qf2 Qc3 39. Nc5 Qxa5 40. Nxe6 Qa1+ 41. Kh2 $18) 38. Nc5 Qxa5 39. g4 Be4 40. Nxe4 dxe4 41. Qxe4+ {[%emt 0:00:01] KQ-KQ} Kg8 42. Qe3 Qa2 43. Qf2 Qb1+ 44. Kg2 Qe4+ 45. Kg3 Qd3+ 46. Kh2 Qe4 47. Qd2 Qf3 48. Qb2 Qf4+ 49. Kg2 Qe4+ 50. Kf2 Qf4+ 51. Kg2 Qe4+ 52. Kg1 Qe3+ 53. Kg2 {[%emt 0:00:03] Weighted Error Value: White=0.02 (flawless) /Black=0.01 (flawless) .  Inaccurate:     	White=1     	---        OK:         	White=20    	Black=26} 1/2-1/2

[Event "CCT Final-RR 2024"]
[Site "Oslo"]
[Date "2024.12.17"]
[Round "3"]
[White "Aronian, Levon"]
[Black "Keymer, Vincent"]
[Result "0-1"]
[ECO "C50"]
[WhiteElo "2747"]
[BlackElo "2733"]
[Annotator "TA"]
[PlyCount "189"]
[EventDate "2024.12.11"]
[EventType "tourn"]
[EventCountry "NOR"]
[SourceTitle "playchess.com"]
[Source "ChessBase"]
[SourceQuality "1"]
[TimeControl "600+2"]

1. e4 e5 2. Nf3 Nc6 3. Bc4 Nf6 4. d3 Bc5 5. Nc3 h6 6. Be3 Bb6 7. Nd5 d6 8. Nxb6 axb6 9. a3 O-O 10. O-O Re8 11. Re1 Be6 12. Bb5 Bd7 13. Bd2 Ne7 14. Bxd7 Qxd7 15. d4 exd4 16. Nxd4 c5 17. Nb3 Ng6 18. f3 d5 19. Bc3 d4 20. Bd2 Qb5 21. Qe2 Qa4 22. Qf2 Ne5 23. Bf4 Ng6 24. Bg3 Nh5 25. Rac1 d3 26. Rcd1 Ngf4 27. Nc1 dxc2 28. Rd2 Rad8 29. Rxc2 Rd7 30. Rd2 Red8 31. Rxd7 Rxd7 32. Bxf4 Nxf4 33. Qe3 Rd1 34. g3 Ne6 35. Kf2 Qc2+ 36. Ne2 Rxe1 37. Kxe1 Qxb2 38. f4 Nd4 39. Nxd4 cxd4 40. Qd3 Qxh2 41. e5 Qb2 42. Kd1 b5 43. Qf5 Qb3+ 44. Kd2 Qc3+ 45. Ke2 Qc4+ 46. Kd2 Qc3+ 47. Ke2 g6 48. Qd7 Qxa3 49. Qxd4 Qa2+ 50. Ke1 Qc4 51. Qd8+ Kh7 52. Qe7 b6 53. f5 gxf5 54. Qd7 Qe6 55. Qxb5 f6 56. Kf2 fxe5 57. Qd3 Kg7 58. Qd8 Qf6 59. Qd7+ Qf7 60. Qd6 e4 61. Qxb6 Qe7 62. Qc6 h5 63. Qc8 Qf6 64. Qc7+ Kg6 65. Qf4 Qd4+ 66. Kg2 Qb2+ 67. Kh3 Qf6 68. Qb8 Qe6 69. Kg2 e3 70. Kf1 Qc4+ 71. Kg1 Qc1+ 72. Kg2 Qc6+ $2 (72... Qc2+ $1 $19 73. Kg1 Qe4 74. Qg8+ Kf6 75. Qh8+ Ke6 76. Qxh5 Qb1+ 77. Kh2 Qc2+ 78. Kg1 Kd5 79. Qf3+ Qe4) 73. Kg1 $11 Qe6 $2 (73... f4 $11 74. Qxf4 Qc1+ 75. Kg2 Qd2+ 76. Kg1 Qd1+ 77. Kg2 Qe2+ 78. Kg1 Qd1+) 74. Kf1 $1 $19 Qc4+ $2 (74... h4 $19 {( -> ...h3)} 75. gxh4 Qc4+ 76. Kg2 Qg4+ (76... Qxh4 77. Qe8+ Kg7 78. Qxe3 $11) (76... Qe2+ $2 77. Kh1 $19) 77. Kh2 e2 (77... Qxh4+ $2 78. Kg2 $19) 78. Qe8+ Kf6 79. Qc6+ Ke5) 75. Kg2 $2 (75. Kg1 $11) 75... Qc2+ $2 (75... Qe4+ 76. Kf1 Qc4+) 76. Kh3 $2 (76. Kg1 Qe4 77. Qg8+ Kf6 78. Qh8+ Ke6 79. Qxh5) 76... Qc6 $2 ({Black should play} 76... Qe4 $19 77. Qg8+ Kf6 78. Qd8+ Ke6 79. Qb6+ Kf7 80. Qc7+ Qe7 81. Qc4+ Qe6) 77. Kh2 $2 {[%emt 0:00:03][%mdl 8192] [#]} (77. Qg8+ $11 Kf6 78. Qh8+ Ke7 (78... Ke6 79. Qh6+ Kd7 80. Qg7+ Kd6 81. Qh6+ Kc7 82. Qf4+ Kb7 83. Qb4+ Kc8 84. Qf8+ Kc7 85. Qe7+ Kb8 86. Qe5+ Kb7 87. Qb2+ Kc8 88. Qh8+ Kb7 89. Qb2+ Kc8 90. Qh8+ Kc7 91. Qe5+ Kd8 92. Qd4+ Kc7 93. Qe5+ Kd7 94. Qd4+ Ke8 95. Qe5+ Kd7 96. Qd4+ Kc8 97. Qh8+ $11) 79. Qg7+ Ke6 80. Qh6+ Kd7 81. Qg7+ Ke8 82. Qg8+ (82. Qe5+ Kd7 $11) 82... Kd7 83. Qh7+ Kd6 (83... Kd8 84. Qh8+ Ke7 85. Qg7+ Kd6 86. Qh6+ Kc7 87. Qf4+ Kb7 88. Qb4+ Kc7 89. Qe7+ Kc8 90. Qf8+ Kd7 91. Qg7+ Kd6 92. Qh6+ Kd7 93. Qg7+ $11) 84. Qh6+ Kd7) 77... h4 $2 (77... Qe6 $1 78. Qb4 e2 79. Qe1 Qe4 80. Kg1 Qd4+ 81. Kg2 Qe3 82. Kh1 h4 83. gxh4 Kh5 (83... f4 84. Kh2 Kh6 85. Qa5 Qg3+ 86. Kh1 e1=Q+ 87. Qxe1 Qxe1+ 88. Kg2 Qe2+ 89. Kh3 Kg7 90. h5 Kh6 91. Kh4 Qxh5#) 84. Kg2 Kg4 85. Qb4+ f4 86. Qe1 Qh3+ (86... f3+ 87. Kh2 Qe5+ 88. Kg1 Qg3+ 89. Qxg3+ Kxg3 90. h5 e1=Q#) (86... Qg3+ 87. Qxg3+ fxg3 88. h5 e1=Q 89. h6 Qf2+ 90. Kh1 Qh2#) 87. Kg1 Qg3+ (87... Qxh4 88. Qxe2+ f3 89. Qe6+ Kg3 90. Qg8+ Kh3 91. Qe6+ Qg4+ 92. Qxg4+ Kxg4 93. Kf2 $11) 88. Kh1 Qxe1+ 89. Kh2 Qg3+ 90. Kh1 e1=Q#) 78. Qg8+ $1 $11 Kf6 79. Qh8+ Ke7 (79... Ke6 $5 80. Qh6+ $8 Kd5 81. Qxe3 Qc2+ 82. Kh3 Qe4 83. Qxe4+ fxe4 84. gxh4 e3 $11) 80. Qxh4+ Qf6 81. Qb4+ Qd6 82. Qh4+ Kd7 83. Qg5 $2 (83. Qa4+ $11 Ke7 84. Qa7+ Ke8 85. Qxe3+ Kf7 86. Qc3) 83... e2 $2 (83... Qd2+ $1 $19 84. Kh3 Qd3 85. Qg7+ Ke6) 84. Qg7+ $2 (84. Qxf5+ $11 Qe6 85. Qh7+ Kd6 86. Qd3+ Ke7 87. Qh7+ Kd8 88. Qh8+ Kc7 89. Qc3+ Kb6 90. Qb4+ Kc6 91. Qc3+ Kd5 92. Qd3+ Kc6 93. Qc3+) 84... Qe7 85. Qd4+ {[%emt 0:00:00] [#]} Ke8 $1 86. Qh8+ Kd7 87. Qd4+ {[%emt 0:00:01] [#]} Qd6 $2 (87... Ke6 $1 {mates} 88. Qc4+ Kf6 89. Qh4+ Kf7 90. Qh7+ Ke6 91. Qh6+ Kd7 92. Qd2+ Ke8 93. Qe1 Kf7 94. Kh1 Qe3 95. Kg2 Kg6 96. g4 f4 (96... fxg4 $2 97. Kh2 $19) 97. Qb1+ Kh6 98. Qh1+ Kg7 99. Qe1 f3+ 100. Kh2 f2 101. Qa1+ Kf7 102. Qa2+ Ke7 103. Qa7+ Qxa7 104. Kg3 e1=Q (104... e1=B {gets mated.} 105. Kh4 f1=Q+ 106. Kh5 Qf7+ 107. Kh6 Qe3+ 108. g5 Qh3#) 105. g5 f1=Q+ (105... f1=R+ 106. Kg4 Qe4+ 107. Kh3 Qh7+ 108. Kg4 Qg1#) 106. Kg4 Qe6+ 107. Kh5 Qfh3#) 88. Qg7+ $11 Kc6 89. Qc3+ Kd7 90. Qg7+ Kc8 (90... Ke6 $5 91. Qh6+ $8 Kd7 $11) 91. Qh8+ Qd8 92. Qc3+ $1 Qc7 93. Qe1 $2 (93. Qh8+ $11 Qd8 94. Qc3+ (94. Qe5 Qd2 $11) 94... Qc7 95. Qh8+) 93... Qe5 94. Kg2 Qe3 95. Kh3 0-1